 Seeded DCSS version 0.32-a0-913-g739538afd8 (webtiles) character file.

Game seed: 17047034582663869622 (custom seed)

5635 bronco the Arsonist (level 10, -10/81 HPs)
             Began as a Mountain Dwarf Fire Elementalist on Apr 10, 2024.
             Was a Follower of Vehumet.
             Succumbed to orange demon's concentrated venom
             ... on level 8 of the Dungeon.
             The game lasted 00:33:24 (8869 turns).

bronco the Arsonist (MDFE)                          Turns: 8869, Time: 00:33:25

Health: -10/81     AC: 11    Str: 11    XL:     10   Next: 46%
Magic:  16/21      EV:  6    Int: 26    God:    Vehumet [*.....]
Gold:   461        SH:  9    Dex: 10    Spells: 9/23 levels left

rFire   . . .        Q - +3 morningstar
rCold   . . .        c - +1 kite shield
rNeg    . . .        x - +0 scale mail
rPois   .            A - +0 helmet
rElec   .            h - +0 cloak
rCorr   .            (no gloves)
SInv    .            y - +0 pair of boots
Will    +....        M - amulet of regeneration Stlth
                     k - ring of wizardry
HPRegen 1.13/turn    D - +6 ring of intelligence
MPRegen 0.17/turn

%: wizardry (x1)
@: lethally poisoned (-10 -> -64), very slightly contaminated, slowed, very slow
A: runic magic, artefact enchanting
a: Renounce Religion


You were on level 8 of the Dungeon.
You worshipped Vehumet.
Vehumet was aware of your devotion.
You visited 2 branches of the dungeon, and saw 9 of its levels.

You collected 461 gold pieces.

Inventory:

Hand Weapons
 a - a +0 dagger of venom
 m - a +1 war axe
 F - a +2 quarterstaff of chaos
 Q - a +3 morningstar (weapon)
Missiles
 n - 51 stones
 q - 2 silver javelins
 s - 18 poisoned darts
Armour
 c - a +1 kite shield (worn)
 h - a +0 cloak (worn)
 u - an orb of light
 x - a +0 scale mail (worn)
 y - a +0 pair of boots (worn)
 A - a +0 helmet (worn)
 P - a +0 buckler
Jewellery
 b - a +6 ring of dexterity
 k - a ring of wizardry (left hand)
 l - a ring of ice
 o - a +6 ring of strength
 p - a +6 ring of dexterity
 w - a ring of resist corrosion
 D - a +6 ring of intelligence (right hand)
 J - a ring of magical power
 K - a ring of magical power
 M - an amulet of regeneration (around neck)
 N - a +6 ring of strength
Wands
 t - a wand of flame (29)
 G - a wand of polymorph (8)
Scrolls
 e - a scroll of poison
 E - 2 scrolls of blinking
 O - a scroll of vulnerability
Potions
 d - a potion of ambrosia
 j - 2 potions of magic
 v - a potion of berserk rage
 z - 2 potions of cancellation
 B - 3 potions of mutation
 C - a potion of lignification
 I - 3 potions of enlightenment


   Skills:
 - Level 5.1 Fighting
 - Level 7.0 Axes
 - Level 5.5 Armour
 - Level 1.3 Dodging
 - Level 1.4 Stealth
 - Level 5.6 Shields
 - Level 7.3 Spellcasting
 - Level 0.8 Conjurations
 - Level 9.0 Fire Magic
 + Level 3.8 Earth Magic


You had 9 spell levels left.
You knew the following spells:

 Your Spells              Type           Power      Damage    Failure   Level
a - Foxfire               Conj/Fire      100%       2x1d9     1%          1
b - Scorch                Fire           100%       2d9       1%          2
c - Volatile Blastmotes   Fire/Tloc      66%        2d15      6%          3
d - Inner Flame           Hex/Fire       33%        N/A       6%          3
e - Flame Wave            Conj/Fire      35%        2d10      16%         4
f - Sandblast             Erth           58%        2d13      2%          1

Your spell library contained the following spells:

 Spells                   Type           Power      Damage    Failure   Level
 Magic Dart               Conj           56%        1d5       9%          1
 Necrotise                Necr           36%        1d5       13%         1
 Blink                    Tloc           18%        N/A       19%         2
 Call Imp                 Summ           18%        N/A       19%         2
 Ensorcelled Hibernation  Hex/Ice        18%        N/A       19%         2
 Fugue of the Fallen      Necr           9%         N/A       34%         3
 Vampiric Draining        Necr           9%         2d6       34%         3
 Anguish                  Hex/Necr       4%         N/A       75%         4
 Martyr's Knell           Necr/Summ      9%         N/A       75%         4
 Curse of Agony           Necr           9%         N/A       96%         5


Dungeon Overview and Level Annotations

Branches:
Dungeon (8/15)             Temple (1/1) D:7
   Lair: D:8-11

Altars:
Cheibriados
Dithmenos
Elyvilon
Fedhas
Gozag
Hepliaklqana
Makhleb
Nemelex Xobeh
Qazlal
Ru
Sif Muna
Trog
Uskayaw
Vehumet
Yredelemnul
Zin
The Shining One

Shops:
D:7 *


Innate Abilities, Weirdness & Mutations

Your spellcasting is much less encumbered by armour.
You can use scrolls of enchantment on lesser artefacts.


Message History

Vehumet accepts your kill.
No target in view!
You start resting.
HP restored.
You climb downwards.
You block the orange demon's attack.
There is a stone staircase leading up, spattered with blood here.
The blast of sand hits the orange demon.
The orange demon is lightly wounded.
The orange demon stings you but does no damage.
You miscast Sandblast.
You are very lightly contaminated with residual magic.
Nothing appears to happen.
A sleepcap comes into view.
The orange demon stings you from afar!
You are poisoned.
You have difficulty breathing.
You feel yourself slow down.
Unknown command.
Casting: Sandblast (safe; 2% risk of failure)
Confirm with . or Enter, or press ? or * to list all spells.
Flames lash the orange demon.
The orange demon is heavily wounded.
The orange demon's fire resistance burns away.
You feel extremely sick. The orange demon stings you from afar.
You are more poisoned.
You have difficulty breathing.
You feel as though you will be slow longer.
The orange demon stings you from afar!
You are more poisoned.
You have difficulty breathing.
You feel as though you will be slow longer.
Casting: Scorch (safe; 1% risk of failure)
Confirm with . or Enter, or press ? or * to list all spells.
Flames lash the orange demon.
The orange demon is burned terribly!
The orange demon is severely wounded.
* * * LOW HITPOINT WARNING * * *
You feel extremely sick. You block the orange demon's attack.
Unknown command.
You die...

..#.### #.# #......
#..#.## ###.##.......
.......####..).........
.............#.####....4
#..####....##### ##. #..
##..## #. ####4######
##..#..........#
##...#.@##..#....
........##### #.
...........##..
..............#
.......#f.###.# ....)..
.## ....##. .# ...# ##
.. ..# ..


You could see an orange demon (curare, combustible) and a sleepcap.

Vanquished Creatures
  Amaemon (D:8)
  Grinder (D:3)
  Sigmund (D:3)
  A shadow (D:7)
  2 wyverns (D:7)
  6 yaks
  2 steam dragons (D:7)
  Eustachio (D:4)
  Menkaure (D:4)
  3 ice beasts
  A black bear (D:7)
  2 sky beasts (D:6)
  An ogre (D:6)
  2 phantoms
  A kobold brigand (D:7)
  6 bullfrogs
  4 scorpions
  11 wights
  2 howler monkeys (D:7)
  3 orc priests
  Crazy Yiuf (D:3)
  A bombardier beetle (D:4)
  4 hounds
  4 jellies
  A gnoll bouda (D:7)
  Terence (D:3)
  An iguana (D:7)
  A sleepcap (D:7)
  4 orc wizards
  Robin (D:3)
  3 gnolls (D:7)
  3 adders
  3 white imps
  2 ufetubi (D:6)
  2 ribbon worms
  32 orcs
  3 endoplasms
  3 giant cockroaches
  13 goblins
  11 hobgoblins
  2 jackals (D:1)
  9 kobolds
  2 quokkas
  3 ball pythons
  4 bats
  A frilled lizard (D:3)
  4 rats
171 creatures vanquished.

Vanquished Creatures (others)
  An orc (D:8)
  A kobold (D:7)
  311 foxfires
313 creatures vanquished.

Grand Total: 484 creatures vanquished

Notes
Turn   | Place    | Note
-------+----------+-------------------------------------------
     0 | D:1      | bronco the Mountain Dwarf Fire Elementalist began the quest
                  | for the Orb.
     0 | D:1      | Reached XP level 1. HP: 14/14 MP: 3/3
   306 | D:1      | Reached skill level 4 in Fire Magic
   436 | D:1      | Reached XP level 2. HP: 12/20 MP: 2/4
   606 | D:1      | Found a faded altar of an unknown god.
  1293 | D:2      | Reached skill level 5 in Fire Magic
  1293 | D:2      | Reached XP level 3. HP: 25/26 MP: 0/5
  1379 | D:2      | Learned a level 2 spell: Scorch
  1873 | D:3      | Noticed Robin
  2057 | D:2      | Learned a level 3 spell: Volatile Blastmotes
  2098 | D:3      | Noticed Terence
  2120 | D:3      | Killed Terence
  2121 | D:3      | Reached skill level 1 in Fighting
  2121 | D:3      | Reached XP level 4. HP: 10/36 MP: 0/7
  2257 | D:3      | Noticed Grinder
  2330 | D:3      | Killed Grinder
  2331 | D:3      | Reached skill level 5 in Fighting
  2331 | D:3      | Reached XP level 5. HP: 48/48 MP: 1/8
  2331 | D:3      | Reached XP level 6. HP: 56/56 MP: 1/9
  2423 | D:3      | Killed Robin
  2450 | D:3      | Learned a level 3 spell: Inner Flame
  2642 | D:3      | Found a basalt altar of Yredelemnul.
  2731 | D:3      | Noticed Sigmund
  2739 | D:3      | Killed Sigmund
  2900 | D:3      | Found a runed translucent door.
  2901 | D:3      | Noticed Crazy Yiuf
  2929 | D:3      | Found a shadowy altar of Dithmenos.
  3084 | D:3      | Killed Crazy Yiuf
  3172 | D:4      | Reached XP level 7. HP: 61/61 MP: 6/13
  3358 | D:4      | Noticed Eustachio
  3387 | D:4      | Killed Eustachio
  3388 | D:4      | Reached skill level 5 in Spellcasting
  3536 | D:4      | Learned a level 4 spell: Flame Wave
  3888 | D:4      | Noticed Menkaure
  3899 | D:4      | Killed Menkaure
  4138 | D:4      | Reached XP level 8. HP: 45/68 MP: 14/17
  4428 | D:5      | Entered Level 5 of the Dungeon
  4459 | D:5      | Reached skill level 1 in Armour
  4530 | D:5      | Found a hide-covered altar of Uskayaw.
  4676 | D:5      | Found a white marble altar of Elyvilon.
  5112 | D:5      | Found a hazy altar of Hepliaklqana.
  5553 | D:5      | Reached skill level 5 in Armour
  5800 | D:6      | Reached skill level 6 in Fire Magic
  5856 | D:6      | Reached skill level 7 in Fire Magic
  5885 | D:6      | Reached XP level 9. HP: 63/74 MP: 3/18
  6055 | D:6      | Reached skill level 8 in Fire Magic
  6093 | D:6      | Found a bloodstained altar of Trog.
  6543 | D:6      | Reached skill level 9 in Fire Magic
  6911 | D:7      | Found Cacoquop's General Store.
  6918 | D:7      | Reached skill level 5 in Axes
  7017 | D:7      | Found a staircase to the Ecumenical Temple.
  7026 | Temple   | Entered the Ecumenical Temple
  7045 | Temple   | Became a worshipper of Vehumet
  7535 | D:7      | Reached skill level 1 in Shields
  7633 | D:6      | Reached XP level 10. HP: 81/81 MP: 2/19
  7842 | D:7      | Reached skill level 5 in Shields
  8029 | D:7      | Found a glowing golden altar of the Shining One.
  8522 | D:8      | Reached * piety under Vehumet
  8522 | D:8      | Offered knowledge of Sandblast by Vehumet.
  8595 | D:7      | Learned a level 1 spell: Sandblast
  8745 | D:8      | Noticed Amaemon
  8746 | D:8      | Noticed an orange demon
  8756 | D:8      | Killed Amaemon
  8869 | D:8      | Succumbed to orange demon's concentrated venom

Illustrated notes

Levels and vault maps discovered:
D:1:      hellmonk_arrival_library, layout_basic,
          shapermc_ecumenical_altar_totnotflames
D:2:      layout_rooms, st_stairs_2
D:3:      layout_rooms, mainiacjoe_overflow_surrounded_room, lemuel_round_altar,
          uniq_grinder, uniq_sigmund, uniq_robin, uniq_crazy_yiuf_cottage,
          uniq_terence
D:4:      layout_basic, uniq_eustachio, uniq_menkaure
D:5:      lemuel_ice_spiral_2, layout_basic, lemuel_tele_altar,
          worldfamousw_hep_ancestral_shrine, mainiacjoe_overflow_chevrons
D:6:      layout_basic, trog_three_pillars_becter, eino_tiny_chamber,
          hangedman_abyss_or_decor_lesser_grid
D:7:      layout_gridville, tso_altar, temple_statues, serial_shops,
          nicolae_shop_statue_plus
D:8:      layout_cave_pools, pdpol_wu_jian_five_deadly_venoms,
          grunt_temple_overflow_open, uniq_maurice, uniq_amaemon
Temple:   hellmonk_temple_beads

Skill      XL: |  1  2  3  4  5  6  7  8  9 10 |
---------------+-------------------------------+-----
Fire Magic     | 4 5 7 9 |  9.0
Spellcasting   | 2 4 6 7 |  7.3
Fighting       | 1 5 |  5.1
Armour         | 5 |  5.5
Axes           | 7 |  7.0
Shields        | 4 5 |  5.6
Earth Magic    | 3 |  3.8
Dodging        | |  1.3
Stealth        | |  1.4
Conjurations   | |  0.8

Action                     |  1- 3 |  4- 6 |  7- 9 | 10-12 || total
---------------------------+-------+-------+-------+-------++-------
  Melee: Dagger            |    81 |    23 |    11 |       ||   115
         Morningstar       |       |       |    16 |    22 ||    38
         Quarterstaff      |       |       |    14 |       ||    14
         War axe           |       |       |     3 |       ||     3
   Fire: Arbalest          |     5 |       |       |       ||     5
   Cast: Foxfire           |    55 |    25 |   105 |    11 ||   196
         Scorch            |     3 |     6 |    77 |    36 ||   122
         Volatile Blastmot |       |     1 |    12 |     2 ||    15
         Inner Flame       |       |       |     5 |       ||     5
         Flame Wave        |       |       |     2 |       ||     2
         Sandblast         |       |       |       |     1 ||     1
    Use: Potion            |       |       |     2 |       ||     2
         Scroll            |       |       |       |    14 ||    14
 Armour: Robe              |    20 |       |       |       ||    20
         Ring mail         |    17 |       |       |       ||    17
         Scale mail        |    52 |    20 |    61 |    65 ||   198
  Dodge: Dodged            |    42 |     8 |    25 |    12 ||    87
  Block: Kite shield       |    57 |     8 |    11 |    20 ||    96
         Buckler           |       |       |     2 |     1 ||     3

Table legend: (Time is in decaauts)
 A = Elapsed time spent in this place.
 B = Non-inter-level travel time spent in this place.
 C = Inter-level travel time spent in this place.
 D = Time resting spent in this place.
 E = Time spent auto-exploring this place.
 F = Levels seen in this place.
 G = Mean time per level.
                   A        B        C        D        E       F      G
               +--------+--------+--------+--------+--------+-----+--------+
         Total |   8932 |   8433 |    499 |   1954 |   4870 |   9 |  992.4 |
       Dungeon |   8894 |   8431 |    463 |   1954 |   4870 |   8 | 1111.8 |
        Temple |     38 |      2 |     36 |      0 |      0 |   1 |   38.0 |
               +--------+--------+--------+--------+--------+-----+--------+

Top non-repeatable levels by time:
     D:7: 1833 daAuts
     D:4: 1269 daAuts
     D:5: 1259 daAuts
     D:6: 1182 daAuts
     D:1: 1180 daAuts
     D:3: 1053 daAuts
     D:2: 957 daAuts
     D:8: 156 daAuts
  Temple: 38 daAuts
